 Dungeon Sprint DCSS version bcrawl-1.20.1-3-gdcb1fc31ed (webtiles) character file.

Game seed: 2748415646451975992

296 Freyura the Schismatic (level 6, -4/52 HPs)
             Began as a Demonspawn Abyssal Knight on Jan 30, 2020.
             Was an Elder of Lugonu.
             Slain by an orc warrior
             ... wielding a +0 halberd
              (13 damage)
             ... in the Dungeon (Sprint IX: "|||||||||||||||||||||||||||||").
             The game lasted 00:03:45 (195 turns).

Freyura the Schismatic (Demonspawn Abyssal Knight)   Turns: 195, Time: 00:03:45

Health: -4/52      AC:  9    Str: 18    XL:     6   Next: 12%
Magic:  7/11       EV: 13    Int: 14    God:    Lugonu [****..]
Gold:   0          SH:  0    Dex: 16    Spells: 5/5 levels left

rFire    . . .     SeeInvis .   p - +2 dire flail (crush)
rCold    . . .     Gourm    .   (shield currently unavailable)
rNeg     . . .     Faith    .   r - +2 ring mail
rPois    .         Spirit   .   (no helmet)
rElec    .         Reflect  .   q - +0 cloak
rCorr    .         Harm     .   (no gloves)
MR       .....     NoTele   +   (no boots)
Stlth    +.........             (no amulet)
HPRegen  0.17/turn              s - +3 ring of strength
MPRegen  0.12/turn              t - +3 ring of strength

@: no status effects
A: claws 1, thin skeletal structure 1, demonic guardian 1
a: Bend Space, Banish, Corrupt, Renounce Religion


You were in the Dungeon.
You worshipped Lugonu.
Lugonu was greatly pleased with you.
You were not hungry.

You visited 1 branch

Inventory:

Hand Weapons
 p - a +2 dire flail of crushing (weapon)
Missiles
 c - 10 tomahawks of dispersal
 f - 403 silver javelins (quivered)
Armour
 q - a +0 cloak (worn)
 r - a +2 ring mail (worn)
Jewellery
 s - a +3 ring of strength (left claw)
 t - a +3 ring of strength (right claw)
Wands
 o - a wand of acid (10)
Scrolls
 k - 2 scrolls of blinking
 m - 3 scrolls of remove curse
 n - 2 scrolls of amnesia
Potions
 g - 2 potions of heal wounds
 h - a potion of haste
 i - 4 potions of magic
 j - a potion of invisibility
 l - 4 potions of curing
Comestibles
 e - a ration {!d}


   Skills:
 + Level 5.9 Fighting
 * Level 7.0 Maces & Flails
 - Level 0.8 Throwing
 + Level 5.2 Armour
 + Level 4.6 Dodging
 + Level 7.2 Invocations


You had 5 spell levels left.
You didn't know any spells.
Your spell library was empty.

Dungeon Overview and Level Annotations

Branches:
Dungeon (1/1)

Altars:
Cheibriados
Dithmenos
Elyvilon
Fedhas
Gozag
Hepliaklqana
Kikubaaqudgha
Lugonu
Makhleb
Nemelex Xobeh
Okawaru
Qazlal
Ru
Sif Muna
Trog
Uskayaw
Vehumet
Wu Jian
Xom
Yredelemnul
Zin
The Shining One
Beogh
Jiyva


Innate Abilities, Weirdness & Mutations

You have sharp fingernails.
You have a somewhat thin skeletal structure. (Dex +2, Stealth)
A weak demonic guardian rushes to your aid.


Message History

You feel agile.
The orc wizard hits you with a +0 dagger.
* * * LOW HITPOINT WARNING * * *
You barely miss the orc wizard.
The orc wizard hits you but does no damage.
You impale the orc wizard!!
You kill the orc wizard!
Lugonu accepts your kill. Something appears at your feet!
Lugonu grants you ammunition!
Your Maces & Flails skill increases to level 7!
The hound bites you but does no damage.
You barely miss the hound. The hound barely misses you.
The orc warrior closely misses you.
You hit the hound.
The hound is moderately wounded.
The hound barely misses you. The hound bites you.
* * * LOW HITPOINT WARNING * * *
The orc warrior hits you from afar with a +0 halberd!
You die... ▓▓▓▓▓▓▓▓▓▓▓▓▓▓▓▓▓▓▓▓▓▓▓▓ ....yoh@5.[.)|..'_______ ▓▓▓▓▓▓▓▓▓▓▓▓▓▓▓▓▓▓▓▓▓▓▓▓

You could see an orc warrior, a vampire mosquito, a hound and a friendly iron imp.

Vanquished Creatures
  A slime creature (D)
  An orc wizard (D)
  2 worker ants (D)
  2 bats (D)
  2 hobgoblins (D)
  A frilled lizard (D)
  A jackal skeleton (D)
  A leopard gecko skeleton (D)
11 creatures vanquished.

Vanquished Creatures (collateral kills)
  A big kobold (D)
  An adder (D)
2 creatures vanquished.

Grand Total: 13 creatures vanquished

Notes
Turn   | Place    | Note
-------+----------+-------------------------------------------
     0 | D        | Freyura the Demonspawn Abyssal Knight began the quest for
                  | the Orb.
     0 | D        | Reached XP level 1. HP: 18/18 MP: 2/2
     8 | D        | Reached skill level 1 in Dodging
     9 | D        | Reached ** piety under Lugonu
    21 | D        | Noticed a worker ant
    21 | D        | Noticed a worker ant
    26 | D        | Killed a worker ant
    26 | D        | Gained mutation: You have a somewhat thin skeletal
                  | structure. (Dex +2, Stealth) [demonic ancestry]
    26 | D        | Reached XP level 2. HP: 25/25 MP: 5/5
    26 | D        | Gained mutation: A weak demonic guardian rushes to your
                  | aid. [demonic ancestry]
    26 | D        | Reached XP level 3. HP: 30/30 MP: 6/6
    33 | D        | Reached *** piety under Lugonu
    45 | D        | Reached **** piety under Lugonu
    45 | D        | Received a gift from Lugonu
    55 | D        | Found a roughly hewn altar of Beogh.
    55 | D        | Found a snail-covered altar of Cheibriados.
    55 | D        | Found a shadowy altar of Dithmenos.
    55 | D        | Found a white marble altar of Elyvilon.
    55 | D        | Found a blossoming altar of Fedhas.
    55 | D        | Found an opulent altar of Gozag.
    56 | D        | Found a hazy altar of Hepliaklqana.
    57 | D        | Found a viscous altar of Jiyva.
    58 | D        | Found an ancient bone altar of Kikubaaqudgha.
    59 | D        | Found a corrupted altar of Lugonu.
    60 | D        | Found a burning altar of Makhleb.
    61 | D        | Found a sparkling altar of Nemelex Xobeh.
    62 | D        | Found an iron altar of Okawaru.
    63 | D        | Found a stormy altar of Qazlal.
    64 | D        | Found a sacrificial altar of Ru.
    65 | D        | Found a shimmering blue altar of Sif Muna.
    66 | D        | Found a bloodstained altar of Trog.
    67 | D        | Found a hide-covered altar of Uskayaw.
    68 | D        | Found a radiant altar of Vehumet.
    69 | D        | Found an ornate altar of the Wu Jian Council.
    70 | D        | Found a shimmering altar of Xom.
    71 | D        | Found a basalt altar of Yredelemnul.
    72 | D        | Found a glowing silver altar of Zin.
    73 | D        | Found a glowing golden altar of the Shining One.
   165 | D        | Noticed a vampire mosquito
   165 | D        | Noticed an orc warrior
   165 | D        | Noticed a slime creature
   165 | D        | Noticed a big kobold
   176 | D        | Killed a big kobold
   176 | D        | Reached skill level 5 in Maces & Flails
   176 | D        | Reached skill level 5 in Invocations
   176 | D        | Gained mutation: You have sharp fingernails. [demonic
                  | ancestry]
   176 | D        | Reached XP level 4. HP: 38/38 MP: 7/7
   191 | D        | Killed a slime creature
   191 | D        | Reached skill level 5 in Fighting
   191 | D        | Reached skill level 5 in Armour
   191 | D        | Reached XP level 5. HP: 12/46 MP: 7/10
   191 | D        | Reached XP level 6. HP: 14/52 MP: 7/11
   193 | D        | Received a gift from Lugonu
   195 | D        | Slain by an orc warrior

Skill      XL: |  1  2  3  4  5  6 |
---------------+-------------------+-----
Maces & Flails | 3 5 6 7 |  7.0
Armour         | 2 3 5 |  5.2
Dodging        | 2 3 4 |  4.6
Invocations    | 4 5 7 |  7.2
Fighting       | 4 5 |  5.9
Throwing       | |  0.8

Action                   |  1- 3 |  4- 6 || total
-------------------------+-------+-------++-------
Melee: Mace              |    19 |       ||    19
       Dire flail        |       |    14 ||    14
Throw: Javelin           |     1 |     1 ||     2
  Use: Potion            |     2 |     1 ||     3
Armor: Leather armour    |     7 |       ||     7
       Ring mail         |       |     6 ||     6
Dodge: Dodged            |    17 |     3 ||    20
